 Dungeon Crawl Stone Soup version 0.23-a0-451-g1044d4cbad (webtiles) character file.

685 LostNumber the Caller (level 7, -1/52 HPs)
             Began as a Mummy Summoner on Nov 22, 2018.
             Slain by a sky beast (5 damage)
             ... on level 5 of the Dungeon.
             The game lasted 00:09:27 (6285 turns).

LostNumber the Caller (Mummy Summoner)              Turns: 6285, Time: 00:09:27

Health: -1/52      AC:  3    Str: 11    XL:     7   Next: 35%
Magic:  13/14      EV: 15    Int: 16    God:
Gold:   181        SH:  0    Dex: 13    Spells: 6/16 levels left

rFire    x . .     SeeInvis .   o - +2 flail (venom)
rCold    + . .     Gourm    .   (no shield)
rNeg     + + +     Faith    .   b - +1 robe {MR+}
rPois    ∞         Spirit   .   (no helmet)
rElec    .         Reflect  .   (no cloak)
rCorr    .         Harm     .   (no gloves)
MR       +....                  (no boots)
Stlth    ++........             (no amulet)
HPRegen  0.17/turn              (no ring)
MPRegen  0.14/turn              s - +3 ring of evasion

@: no status effects
A: no food or potions, fire vulnerability, cold resistance 1, negative energy
resistance 3, torment resistance, unbreathing
a: no special abilities


You were on level 5 of the Dungeon.
You were not hungry.

You visited 1 branch of the dungeon, and saw 5 of its levels.

You collected 181 gold pieces.

Inventory:

Hand Weapons
 c - a +0 club
 d - a +0 dagger
 k - a +0 spear
 n - a +0 falchion
 o - a +2 flail of venom (weapon)
Armour
 a - a +0 robe
 b - a +1 robe of magic resistance (worn)
 r - a +2 leather armour of magic resistance
Jewellery
 s - a +3 ring of evasion (right hand)
Wands
 q - a wand of iceblast (7)
Scrolls
 e - 2 scrolls of enchant armour {unknown}
 f - a scroll of random uselessness {unknown}
 g - a scroll of immolation {unknown}
 h - a scroll of amnesia {unknown}
 i - 2 scrolls of fear
 j - 2 scrolls of teleportation
 l - a scroll of noise {unknown}
 m - 2 scrolls of enchant weapon
 p - a scroll of fog {unknown}
 t - a scroll of magic mapping {unknown}


   Skills:
 + Level 3.4 Fighting
 - Level 1.5 Dodging
 - Level 1.5 Stealth
 + Level 5.0 Spellcasting
 * Level 5.5 Summonings
 * Level 2.4 Ice Magic


You had 6 spell levels left.
You knew the following spells:

 Your Spells              Type           Power        Failure   Level  Hunger
a - Summon Small Mammal   Summ           ###.         1%          1    N/A
b - Call Imp              Summ           ###.....     2%          2    N/A
c - Call Canine Familiar  Summ           ###.....     4%          3    N/A
d - Summon Ice Beast      Ice/Summ       ###.....     28%         4    N/A

Your spell library contained the following spells:

 Spells                   Type           Power        Failure   Level  Hunger
 Summon Guardian Golem    Hex/Summ       ##......     14%         3    N/A
 Summon Lightning Spire   Summ/Air       ##......     43%         4    N/A

Dungeon Overview and Level Annotations

Branches:
Dungeon (5/15)
 Temple: D:4-7

Altars:
Ashenzari
Dithmenos

Annotations:
D:4 3 runed doors, kaisn's ghost, novice FoFi


Innate Abilities, Weirdness & Mutations

You do not eat or drink.
Your flesh is vulnerable to fire.
You are immune to poison.
Your flesh is cold resistant. (rC+)
You are immune to negative energy. (rN+++)
You are immune to unholy pain and torment.
You can survive without breathing.


Message History

Your hound bites something.
Something hits you. Something shocks you.
Your hound misses something.
Your hound barely misses something.
There is an open door here.
Your hound bites something.
A sky beast appears from thin air!
Reactivating autopickup.
The sky beast hits you but does no damage.
You thump the sky beast!
The sky beast is poisoned.
The sky beast is severely wounded.
Your hound closely misses the sky beast.
Your hound misses the sky beast. The sky beast hits you.
* * * LOW HITPOINT WARNING * * *
The sky beast shocks you.
* * * LOW HITPOINT WARNING * * *
You closely miss the sky beast.
The sky beast is almost dead.
Your hound misses the sky beast. The sky beast hits you.
* * * LOW HITPOINT WARNING * * *
The sky beast shocks you.
You die...

##.. #...|#####
######+#
##.........#####......#
.+.........'...#......#
##........)###.'......#
#.......## #.#...####
##.....## #h#...#.P#
##...# #.Y...#..# ##+#
###@..#≈≈# #.#
###...#### #.#
#.'......#
##(#######.#......#
####...##.....#......#
#...........#.###+####
#.##...#..#.#...
##.###..#..#.####..
........#..#.# .#


You could see a sky beast and a friendly hound.

Vanquished Creatures
  A black bear (D:4)
  A centaur (D:5)
  A scorpion (D:4)
  A jelly (D:5)
  A bullfrog skeleton (D:4)
  2 worker ants
  4 adders
  A gnoll (D:3)
  A shadow imp (D:5)
  2 oozes
  A worm (D:3)
  2 dart slugs
  6 leopard geckos
  3 orcs
  A ball python (D:2)
  11 giant cockroaches
  4 goblins
  8 hobgoblins
  6 bats
  4 frilled lizards
  8 kobolds
  8 rats
77 creatures vanquished.

Vanquished Creatures (collateral kills)
  Edmund (D:4)
  2 scorpions
  A howler monkey (D:4)
  2 orc priests (D:3)
  2 orc wizards (D:3)
  Ijyb (D:3)
  3 gnolls (D:3)
  2 adders
  A worm (D:2)
  A leopard gecko (D:2)
  7 orcs
  3 bats
  4 giant cockroaches
  A goblin (D:3)
  5 hobgoblins
  2 quokkas
  A frilled lizard (D:4)
39 creatures vanquished.

Vanquished Creatures (others)
  8 fungi (D:5)
8 creatures vanquished.

Grand Total: 124 creatures vanquished

Notes
Turn   | Place    | Note
-------+----------+-------------------------------------------
     0 | D:1      | LostNumber the Mummy Summoner began the quest for the Orb.
     0 | D:1      | Reached XP level 1. HP: 13/13 MP: 4/4
   684 | D:1      | Reached XP level 2. HP: 19/20 MP: 5/5
   688 | D:1      | Learned a level 2 spell: Call Imp
  1341 | D:2      | Found a faded altar of an unknown god.
  1538 | D:2      | Reached skill level 1 in Fighting
  1612 | D:2      | Reached XP level 3. HP: 19/26 MP: 5/7
  1698 | D:2      | Learned a level 3 spell: Call Canine Familiar
  2585 | D:2      | Reached XP level 4. HP: 28/32 MP: 9/9
  2842 | D:3      | Noticed Ijyb
  2863 | D:3      | Killed Ijyb
  3408 | D:3      | Reached XP level 5. HP: 37/38 MP: 10/10
  3691 | D:3      | Found a shattered altar of Ashenzari.
  4180 | D:3      | Learned a level 4 spell: Summon Ice Beast
  4842 | D:4      | Found a runed gate.
  4842 | D:4      | Found a runed gate.
  4842 | D:4      | Found a runed gate.
  4842 | D:4      | Noticed kaisn's ghost (novice FoFi)
  4898 | D:4      | Reached XP level 6. HP: 37/46 MP: 3/12
  4973 | D:4      | Reached skill level 1 in Ice Magic
  5102 | D:4      | Reached skill level 5 in Summonings
  5254 | D:4      | Found a shadowy altar of Dithmenos.
  5269 | D:4      | Noticed Edmund
  5294 | D:4      | Killed Edmund
  5662 | D:4      | Reached XP level 7. HP: 39/52 MP: 14/14
  5871 | D:5      | Entered Level 5 of the Dungeon
  5997 | D:5      | Reached skill level 5 in Spellcasting
  6285 | D:5      | Slain by a sky beast

Vault maps used:
D:1:      nicolae_arrival_washed_ashore
D:2:      chequers_ecumenical_altar_simple, minmay_misc_feat_more_columns
D:3:      minmay_roachtagon, first_ration, evilmike_ruin_ashenzari, uniq_ijyb
D:4:      black_bear_nest_1, grunt_dithmenos_smoke_and_mirrors,
          ebering_ghost_rock_garden, roderic_serpentine_path, uniq_edmund
D:5:      serial_aquarium, aquarium_bridge_square, aquarium_window_3,
          aquarium_window_fake, aquarium_view_2c, aquarium_pool_side,
          gammafunk_ghost_nasty_kobolds

Skill      XL: |  1  2  3  4  5  6  7 |
---------------+----------------------+-----
Spellcasting   | 3 4 5 |  5.0
Fighting       | 1 2 3 |  3.4
Summonings     | 4 5 |  5.5
Ice Magic      | 2 |  2.4
Dodging        | |  1.5
Stealth        | |  1.5

Action                   |  1- 3 |  4- 6 |  7- 9 || total
-------------------------+-------+-------+-------++-------
Melee: Unarmed           |    20 |       |       ||    20
       Dagger            |    34 |       |       ||    34
       Club              |     1 |       |       ||     1
       Spear             |    90 |   249 |    13 ||   352
       Flail             |       |       |    30 ||    30
 Cast: Summon Small Mamm |     8 |       |       ||     8
       Call Imp          |    11 |    24 |       ||    35
       Call Canine Famil |       |    19 |     3 ||    22
  Use: Scroll            |       |     4 |       ||     4
 Stab: Sleeping          |     7 |     1 |     1 ||     9
       Distracted        |     1 |     1 |       ||     2
Armor: Robe              |    37 |    46 |     7 ||    90
Dodge: Dodged            |    86 |   152 |    26 ||   264

Table legend:
 A = Non-vault XP
 B = Vault XP
 C = Vault XP percentage of total XP
 D = Non-vault monster count
 E = Vault monster count
 F = Vault count percentage of total count
                 A         B        C        D         E       F
            +---------+---------+-------+---------+---------+-------
      Total |     757 |     222 |  22.7 |     105 |      11 |   9.5
            +---------+---------+-------+---------+---------+-------
        D:1 |      26 |       0 |   0.0 |      16 |       0 |   0.0
        D:2 |      76 |       0 |   0.0 |      30 |       0 |   0.0
        D:3 |     205 |      40 |  16.3 |      34 |       9 |  20.9
        D:4 |     218 |     182 |  45.5 |      12 |       2 |  14.3
        D:5 |     232 |       0 |   0.0 |      13 |       0 |   0.0
            +---------+---------+-------+---------+---------+-------
